 Dungeon Crawl Stone Soup version 0.19.1 (webtiles) character file.

182 Pixllover the Cudgeler (level 5, -4/47 HPs)
             Began as a Hill Orc Berserker on Dec 18, 2016.
             Was a Believer of Trog.
             Slain by a gnoll
             ... wielding a +0 spear
              (5 damage)
             ... on level 3 of the Dungeon.
             The game lasted 00:06:57 (1649 turns).

Pixllover the Cudgeler (Hill Orc Berserker)         Turns: 1649, Time: 00:06:59

Health: -4/47      AC: 10    Str: 21    XL:     5   Next: 62%
Magic:  5/5        EV: 14    Int:  7    God:    Trog [**....]
Gold:   88         SH:  0    Dex: 15    Spells: 0 memorised, 4 levels left

rFire  . . .     SeeInvis .     a - +0 mace
rCold  . . .     Gourm    .     n - +0 chain mail
rNeg   . . .     Faith    .     (no shield)
rPois  .         Spirit   .     o - +0 helmet
rElec  .         Reflect  .     (no cloak)
rCorr  .         Harm     .     (no gloves)
MR     .....                    (no boots)
Stlth  ..........               (no amulet)
                                (no ring)
                                (no ring)

@: agile
A: no striking features
a: Berserk, Trog's Hand, Burn Spellbooks, Renounce Religion


You were on level 3 of the Dungeon.
You worshipped Trog.
Trog was pleased with you.
You were hungry.

You visited 1 branch of the dungeon, and saw 3 of its levels.

You collected 88 gold pieces.

Inventory:

Hand Weapons
 a - a +0 mace (weapon)
Armour
 b - a +0 animal skin
 n - a +0 chain mail (worn)
 o - a +0 helmet (worn)
Scrolls
 e - 3 scrolls of identify {unknown}
 f - 2 scrolls of remove curse {unknown}
 h - a scroll of fog {unknown}
 m - a scroll of enchant weapon {unknown}
 p - a scroll of blinking {unknown}
 r - a scroll of amnesia {unknown}
Comestibles
 c - 3 bread rations
 d - 3 fruits
 i - a beef jerky
 j - 2 slices of pizza
 l - 4 chunks of flesh


   Skills:
 + Level 4.8 Fighting
 + Level 4.8 Maces & Flails
 + Level 3.1 Armour
 + Level 2.2 Dodging
 + Level 1.0 Stealth


You had 4 spell levels left.
You didn't know any spells.

Dungeon Overview and Level Annotations

Branches:
Dungeon (3/15)

Altars:
Trog


Message History

* * * LOW HITPOINT WARNING * * *
The giant cockroach closely misses you. The gnoll closely misses you. x2
You hit the giant cockroach.
You kill the giant cockroach!
Trog accepts your kill.
You feel your dexterity returning. The gnoll hits you but does no damage.
The gnoll hits you from afar with a spear.
* * * LOW HITPOINT WARNING * * *
The hobgoblin closely misses you. The gnoll closely misses you.
The gnoll barely misses you. The gnoll closely misses you.
Some of the chunks of flesh in your inventory have rotted away.
You hit the hobgoblin.
The hobgoblin is moderately wounded.
The gnoll hits you from afar with a spear.
* * * LOW HITPOINT WARNING * * *
The hobgoblin hits you but does no damage.
The gnoll hits you from afar with a spear.
You die...

... ... .. .. .###
###+###
..####.....####
#.#......g....#
#.#...........#
#<)......gg@..#
#..g##.......g...#
...#..
#......g....# .
...g #...........#
..#..
#############
..#... ##.... #...


You could see 4 gnolls and a hobgoblin.

Vanquished Creatures
  The ghost of ohados the Changer, an amateur NaTm (D:3)
  4 gnolls (D:2)
  An adder (D:2)
  An ooze (D:1)
  A leopard gecko (D:1)
  A ball python (D:2)
  4 giant cockroaches
  11 goblins
  6 hobgoblins
  4 kobolds
  5 bats
  4 frilled lizards
  3 rats
46 creatures vanquished.

Notes
Turn   | Place    | Note
-------+----------+-------------------------------------------
     0 | D:1      | Pixllover the Hill Orc Berserker began the quest for the Orb.
     0 | D:1      | Reached XP level 1. HP: 19/19 MP: 1/1
   239 | D:1      | Reached XP level 2. HP: 21/27 MP: 2/2
   436 | D:1      | Reached XP level 3. HP: 33/33 MP: 3/3
   453 | D:1      | Reached ** piety under Trog
  1025 | D:2      | Found a bloodstained altar of Trog.
  1420 | D:2      | Reached XP level 4. HP: 24/40 MP: 4/4
  1573 | D:3      | Noticed ohados's ghost (amateur NaTm)
  1597 | D:3      | Killed ohados's ghost
  1597 | D:3      | Reached skill level 1 in Stealth
  1597 | D:3      | Reached XP level 5. HP: 16/47 MP: 5/5
  1646 | D:3      | HP: 2/47 [gnoll/spear (4)]
  1649 | D:3      | Slain by a gnoll

Skill      XL: |  1  2  3  4 |
---------------+-------------+-----
Fighting       | 4 |  4.8
Maces & Flails | 4 |  4.8
Armour         | 3 |  3.1
Dodging        | 2 |  2.2
Stealth        | 1 |  1.0

Action                   |  1- 3 |  4- 6 || total
-------------------------+-------+-------++-------
Melee: Mace              |   113 |    53 ||   166
  Use: Potion            |     2 |     3 ||     5
 Stab: Invisible         |     1 |       ||     1
       Sleeping          |     1 |       ||     1
  Eat: Chunk             |     2 |       ||     2
Armor: Animal skin       |    22 |       ||    22
       Chain mail        |    36 |    53 ||    89
Dodge: Dodged            |    89 |    67 ||   156
